AoeStats
← Navix de los Bosques de Lituania

Arabia

504147011Analyzed
2v2 RM · 28d ago on Sep 4, 2026· 25m 32s· 4 players
Game mode
Random Map
Map size
Medium (4 player)
Population
200
Speed
Normal
Resources
Standard
Victory
Conquest
Starting age
Dark Age
Ending age
Imperial Age
RankedLock teamsTeams togetherTeam positionsShared explorationLock speedFull tech treeHidden civsTurbo modeCheats
Victory
Defeat
🇨🇴 Romans · Colombia
727
+15
697
+16
🇵🇪 Vietnamese · Peru
755
-18
🇨🇱 Hindustanis · Chile
655
-13
Alfredo Godofredo
7:31 Loom
10:37 Feudal Age
11:06 Horse Collar
11:14 Double-Bit Axe
SPLINTER
11:51 Feudal Age
12:43 Double-Bit Axe
12:41 Horse Collar
15:26 Gold Mining
15:32 Loom
16:02 Town Watch
22:09 Arson
23:47 Stone Mining
25:07 Forging
24:48 Fletching
25:00 Padded Archer Armor
25:00 Scale Mail Armor
Derzer
9:24 Feudal Age
12:25 Man-at-Arms
15:51 Scale Mail Armor
20:54 Gold Mining
21:28 Double-Bit Axe
25:09 Castle Age
24:11 Gold Mining
24:10 Double-Bit Axe
24:19 Stone Mining
Navix de los Bosques de Lituania
3:50 Loom
11:24 Feudal Age
11:29 Man-at-Arms
11:54 Arson
13:15 Long Swordsman
16:27 Pikeman
18:10 Scale Mail Armor
18:21 Forging
19:21 Fletching
19:31 Padded Archer Armor
Connection lost

Rejoining the realm…

Still unreachable

The connection could not be restored.

Session expired

The server has moved on; the page needs a fresh start.